 Dungeon Crawl Stone Soup version 0.25.1-2-g60ff931df9 (webtiles) character file.

Game seed: 15744167322624081409

1862 Bitman the Cleaver (level 9, -2/82 HPs)
             Began as a Hill Orc Monk on Nov 6, 2020.
             Was a Believer of Beogh.
             Slain by a wyvern (10 damage)
             ... on level 7 of the Dungeon.
             The game lasted 00:30:44 (8875 turns).

Bitman the Cleaver (Hill Orc Monk)                  Turns: 8875, Time: 00:30:44

Health: -2/82      AC: 15    Str: 17    XL:     9   Next: 13%
Magic:  9/9        EV:  8    Int: 10    God:    Beogh [**....]
Gold:   384        SH:  0    Dex: 13    Spells: 8/8 levels left

rFire    . . .     SeeInvis .   x - +0 war axe
rCold    . . .     Gourm    .   (no shield)
rNeg     . . .     Faith    .   C - +0 chain mail
rPois    .         Spirit   .   w - +1 helmet
rElec    .         Reflect  .   b - +0 cloak
rCorr    +         Harm     .   y - +0 pair of gloves
MR       .....                  (no boots)
Stlth    ..........             (no amulet)
HPRegen  0.23/turn              k - ring of resist corrosion
MPRegen  0.11/turn              (no ring)

@: studying Shields
A: no striking features
a: Smiting, Renounce Religion


You were on level 7 of the Dungeon.
You worshipped Beogh.
Beogh was pleased with you.
You were hungry.

You visited 1 branch of the dungeon, and saw 7 of its levels.

You collected 384 gold pieces.

Inventory:

Hand Weapons
 x - a +0 war axe (weapon)
Missiles
 h - 276 stones (quivered)
 l - 14 poisoned darts
 n - 9 boomerangs
 r - 34 sling bullets
 u - 8 javelins
Armour
 b - a +0 cloak (worn)
 w - a +1 helmet (worn)
 y - a +0 pair of gloves (worn)
 C - a +0 chain mail (worn)
Jewellery
 k - a ring of resist corrosion (left hand)
Wands
 g - a wand of digging (3)
 E - a wand of enslavement (3)
 G - a wand of disintegration (5)
 I - a wand of acid (9)
Scrolls
 f - 6 scrolls of remove curse {unknown}
 j - 3 scrolls of blinking {unknown}
 p - 4 scrolls of amnesia {unknown}
 s - a scroll of fear {unknown}
 t - a scroll of random uselessness {unknown}
 v - 4 scrolls of identify
 B - a scroll of fog {unknown}
 D - 3 scrolls of noise {unknown}
 H - a scroll of magic mapping {unknown}
Potions
 d - a potion of brilliance {unknown}
 e - 2 potions of lignification
 i - a potion of magic
 m - a potion of berserk rage {unknown}
 o - a potion of flight {unknown}
 q - a potion of stabbing
 z - 2 potions of mutation {unknown}
 A - a potion of cancellation {unknown}
Books
 a - a manual of Shields
Comestibles
 c - 8 rations


   Skills:
 + Level 8.8 Fighting
 + Level 9.5 Axes
 - Level 0.1 Throwing
 + Level 7.1 Armour
 - Level 2.4 Dodging
 - Level 1.5 Stealth


You had 8 spell levels left.
You didn't know any spells.
Your spell library contained the following spells:

 Spells                   Type           Power        Failure   Level  Hunger
 Animate Skeleton         Necr           N/A          99%         1    ##.....
 Apportation              Tloc           #.....       99%         1    ##.....
 Corona                   Hex            #......      99%         1    ##.....
 Summon Small Mammal      Summ           #...         99%         1    ##.....
 Confusing Touch          Hex            #.......     100%        3    ####...
 Gell's Gravitas          Tloc           #.........   100%        3    ####...
 Petrify                  Tmut/Erth      #.......     100%        4    #####..
 Metabolic Englaciation   Hex/Ice        #.........   100%        5    ######.
 Yara's Violent Unravell  Hex/Tmut       #.........   100%        5    ######.


Dungeon Overview and Level Annotations

Branches:
Dungeon (7/15)             Temple (0/1) D:5

Altars:
Ashenzari
Okawaru
Qazlal
Ru
Vehumet

Shops:
D:7 :

Annotations:
D:7 3 runed translucent doors, caec's ghost, novice DrTm


Message History

You hit the wyvern. The wyvern barely misses you. The wyvern bites you!
The wyvern bites you but does no damage.
The wyvern bites you.
You hit the wyvern.
The wyvern is moderately wounded.
The wyvern bites you but does no damage.
You closely miss the wyvern.
The wyvern is moderately wounded.
The wyvern misses you. x2
You closely miss the wyvern.
The wyvern is moderately wounded.
The wyvern barely misses you.
Your chain mail prevents you from hitting the wyvern.
The wyvern is moderately wounded.
The wyvern bites you!
* * * LOW HITPOINT WARNING * * *
The wyvern bites you!
* * * LOW HITPOINT WARNING * * *
You feel better. The wyvern bites you!
You die...

#.# #.# ## #.# .# #.# ## .# #.#
.# .####.# ## .# ≈ ......# #l#.#
.. .####.#### #l## ... .#
#.#..### #.#@# ..8# .. .#
##.#....#####)###.8###. ..# .#
#..#.#..#.###.#..###... ..# .. ##
#..#.#.##...##..##....# #.....
#..#.#..###...###...#.# #.##.#
#..#.##.#...####..#.#.# #.##.#
#..#..#...###....#..#.###.##.#
#..##.#.###......^............
####..#..###...##..##..#.###.##.#


You could see 2 wyverns.

Vanquished Creatures
  Grinder (D:4)
  A wyvern (D:7)
  Eustachio (D:4)
  A phantom (D:7)
  2 ogres
  A centaur (D:7)
  4 scorpions
  A howler monkey (D:6)
  A quasit (D:7)
  A hound (D:4)
  Crazy Yiuf (D:1)
  A jelly (D:4)
  2 orc wizards
  3 iguanas
  3 bullfrog skeletons
  Ijyb (D:5)
  Natasha (thrice) (D:2)
  4 worker ants
  A killer bee zombie (D:6)
  A hound skeleton (D:6)
  A worker ant zombie (D:5)
  3 gnolls (D:3)
  2 adders
  2 oozes (D:1)
  An adder skeleton (D:4)
  An adder zombie (D:6)
  3 worms
  3 dart slugs
  A leopard gecko (D:3)
  16 orcs
  9 bats
  5 giant cockroaches
  5 goblins
  11 hobgoblins
  7 jackals
  2 kobolds (D:2)
  4 ball pythons
  A ball python zombie (D:5)
  7 frilled lizards
  A quokka skeleton (D:4)
  3 rats
122 creatures vanquished.

Vanquished Creatures (collateral kills)
  A crimson imp (D:6)
1 creature vanquished.

Grand Total: 123 creatures vanquished

Notes
Turn   | Place    | Note
-------+----------+-------------------------------------------
     0 | D:1      | Bitman the Hill Orc Monk began the quest for the Orb.
     0 | D:1      | Reached XP level 1. HP: 19/19 MP: 1/1
   198 | D:1      | Reached XP level 2. HP: 25/27 MP: 2/2
   289 | D:1      | Reached skill level 1 in Armour
   624 | D:1      | Reached XP level 3. HP: 29/33 MP: 3/3
  1087 | D:2      | Noticed Natasha
  1098 | D:2      | Killed Natasha
  1212 | D:2      | Reached XP level 4. HP: 38/41 MP: 4/4
  1268 | D:2      | Found an iron altar of Okawaru.
  1347 | D:2      | Reached skill level 5 in Axes
  1402 | D:2      | Noticed Natasha
  1424 | D:2      | Killed Natasha
  1907 | D:2      | Found a radiant altar of Vehumet.
  1910 | D:2      | Found a sacrificial altar of Ru.
  1936 | D:2      | Found a runed translucent door.
  1939 | D:2      | Noticed Crazy Yiuf
  2632 | D:2      | Noticed Natasha
  2913 | D:1      | Killed Crazy Yiuf
  2913 | D:1      | Reached XP level 5. HP: 31/47 MP: 5/5
  3021 | D:2      | Killed Natasha
  3021 | D:2      | Reached skill level 5 in Fighting
  3852 | D:3      | Found a shattered altar of Ashenzari.
  4551 | D:3      | Reached XP level 6. HP: 54/56 MP: 6/6
  4556 | D:3      | Reached skill level 6 in Axes
  4712 | D:5      | Entered Level 5 of the Dungeon
  4911 | D:4      | Found a stormy altar of Qazlal.
  4945 | D:4      | Noticed Grinder
  4961 | D:4      | Reached XP level 7. HP: 27/63 MP: 7/7
  5159 | D:4      | Killed Grinder
  5159 | D:4      | Reached skill level 7 in Axes
  5222 | D:4      | Noticed Eustachio
  5279 | D:4      | Killed Eustachio
  5279 | D:4      | Reached skill level 5 in Armour
  5743 | D:4      | Reached XP level 8. HP: 50/73 MP: 8/8
  6125 | D:4      | You fall into a shaft and drop 1 floor!
  6376 | D:5      | Became a worshipper of Beogh the Brigand
  6376 | D:5      | Reached * piety under Beogh
  6376 | D:5      | Reached ** piety under Beogh
  6380 | D:5      | Reached skill level 8 in Axes
  7138 | D:5      | Found a staircase to the Ecumenical Temple.
  7362 | D:5      | Noticed Ijyb
  7378 | D:5      | Killed Ijyb
  8391 | D:7      | Reached skill level 9 in Axes
  8595 | D:7      | Found a runed translucent gate.
  8595 | D:7      | Found a runed translucent gate.
  8595 | D:7      | Found a runed translucent gate.
  8597 | D:7      | Noticed caec's ghost (novice DrTm)
  8603 | D:7      | Found Dyuck's Book Boutique.
  8745 | D:7      | Reached XP level 9. HP: 70/82 MP: 9/9
  8874 | D:7      | HP: 1/82 [wyvern (14)]
  8875 | D:7      | Slain by a wyvern

Illustrated notes

Levels and vault maps discovered:
D:1:      dpeg_arrival_court, layout_basic
D:2:      wander_river, layout_basic, old_standard_altar,
          chequers_temple_overflow_statue_of_worship, first_ration,
          uniq_natasha, uniq_crazy_yiuf_cottage
D:3:      layout_loops_cross, ashenzari_altar_1
D:4:      layout_loops_ring, nicolae_qazlal_general_emergency,
          grunt_ministairs_12, minmay_manual_mandibuliform, uniq_grinder,
          uniq_eustachio
D:5:      layout_rooms, minmay_temple_entry_statues, uniq_ijyb
D:6:      layout_basic
D:7:      minmay_the_grid_triangle_9x9_recursive_2
          [minmay_the_grid_triangle_9x9_prize_special,
          minmay_the_grid_triangle_9x9_corrupted_corridor,
          minmay_the_grid_triangle_9x9_wacky_v,
          minmay_the_grid_triangle_9x9_shrine], layout_loops_corners,
          kennysheep_little_box, enter_ossuary_1, serial_shops,
          nicolae_shop_stone, gammafunk_ghost_necromancy

Skill      XL: |  1  2  3  4  5  6  7  8  9 |
---------------+----------------------------+-----
Armour         | 1 2 3 4 5 6 7 |  7.1
Fighting       | 4 5 6 7 8 |  8.8
Axes           | 5 6 7 9 |  9.5
Throwing       | |  0.1
Dodging        | |  2.4
Stealth        | |  1.5

Action                   |  1- 3 |  4- 6 |  7- 9 || total
-------------------------+-------+-------+-------++-------
Melee: Hand axe          |    73 |   199 |       ||   272
       War axe           |       |     7 |   242 ||   249
Invok: Convert to Beogh  |       |       |     1 ||     1
Evoke: Wand              |       |       |     2 ||     2
  Use: Scroll            |       |     5 |       ||     5
       Potion            |       |     2 |     2 ||     4
 Stab: Sleeping          |     4 |     7 |       ||    11
  Eat: Chunk             |       |    10 |     8 ||    18
       Ration            |       |     1 |     1 ||     2
Armor: Robe              |    14 |    10 |       ||    24
       Leather armour    |       |    11 |       ||    11
       Ring mail         |       |    43 |    53 ||    96
       Chain mail        |       |       |    98 ||    98
Dodge: Dodged            |    50 |   126 |   132 ||   308
